 Dungeon Crawl Stone Soup version 0.18.1-48-g4cf74bf (webtiles) character file.

1628 Peloso the Covered (level 8, -2/70 HPs)
             Began as a Minotaur Fighter on July 27, 2016.
             Slain by an orc wizard
             ... wielding a +1 dagger of electrocution
              (10 damage)
             ... on level 6 of the Dungeon.
             The game lasted 00:10:19 (3741 turns).

Peloso the Covered (Minotaur Fighter)               Turns: 3741, Time: 00:10:20

Health: -2/70      AC: 13    Str: 20    XL:     8   Next: 65%
Magic:  7/7        EV: 11    Int:  5    God:
Gold:   351        SH: 10    Dex: 13    Spells: 0 memorised, 7 levels left

rFire  + . .     SeeInvis .     a - +0 long sword
rCold  x . .     Gourm    .     A - +0 chain mail
rNeg   . . .     Faith    .     c - +0 shield
rPois  .         Spirit   .     (helmet restricted)
rElec  .         Dismiss  .     h - +0 cloak
rCorr  .         Reflect  .     (no gloves)
SustAt .         Harm     .     l - +0 pair of boots
MR     .....                    (no amulet)
Stlth  ..........               w - ring of fire
                                q - +3 ring of evasion

@: drained, not resistant to hostile enchantments, extremely unstealthy
A: retaliatory headbutt, horns 2
a: no special abilities


You were on level 6 of the Dungeon.
You were not hungry.

You visited 1 branch of the dungeon, and saw 6 of its levels.

You collected 351 gold pieces.

Inventory:

Hand Weapons
 a - a +0 long sword (weapon)
 d - a +4 mace
Armour
 b - a +0 scale mail
 c - a +0 shield (worn)
 h - a +0 cloak (worn)
 l - a +0 pair of boots (worn)
 A - a +0 chain mail (worn)
Jewellery
 n - an uncursed ring of magical power
 q - a +3 ring of evasion (left hand)
 u - an uncursed ring of protection from fire
 w - a ring of fire (right hand)
Wands
 e - a wand of confusion (18/48)
 t - a wand of heal wounds (4/9)
Scrolls
 j - a scroll of recharging {unknown}
 k - 5 scrolls of remove curse
 o - a scroll of enchant armour {unknown}
 p - a scroll of fear {unknown}
 r - 3 scrolls of teleportation {unknown}
 x - a scroll of noise {unknown}
 y - a scroll of identify
 C - a scroll of fog {unknown}
Potions
 i - a potion of magic
 m - a potion of brilliance
 s - a potion of heal wounds {unknown}
 v - 2 potions of curing {unknown}
 z - 2 potions of might
Comestibles
 f - 4 bread rations
 g - 4 meat rations
 B - 4 chunks of flesh


   Skills:
 + Level 6.3(6.0) Fighting
 + Level 5.9(5.6) Long Blades
 + Level 7.2(6.9) Armour
 + Level 5.5(5.2) Dodging
 + Level 0.6(0.4) Stealth
 + Level 6.9(6.6) Shields


You had 7 spell levels left.
You didn't know any spells.

Dungeon Overview and Level Annotations

Branches:
Dungeon (6/15)
 Temple: D:4-7

Altars:
Kikubaaqudgha
Yredelemnul

Shops:
D:4 *


Innate Abilities, Weirdness & Mutations

You reflexively headbutt those who attack you in melee.
You have a pair of horns on your head.


Message History

You resist with some effort. You block the orc's attack. x2
The orc wizard points at you and mumbles some strange words.
You resist with some effort.
Unknown command.
You hit the orc wizard but do no damage.
Your headbutt misses the orc wizard.
The orc wizard is lightly wounded.
You block the orc wizard's attack. You block the orc's attack.
You closely miss the orc wizard. You headbutt the orc wizard.
The orc wizard is moderately wounded.
The orc wizard completely misses you.
The orc wizard hits you with a dagger of electrocution.
You are electrocuted!
* * * LOW HITPOINT WARNING * * *
The orc misses you. You furiously retaliate!
You headbutt the orc. You closely miss the orc wizard.
The orc wizard is moderately wounded.
The orc wizard hits you but does no damage.
You are electrocuted!
You die...

....# #...##.#######(#
##.## #...##.#######.#
...#####...........##.#
...................##.#
...................# .#
...................#
.........######'#####
.........# #))...#
.........# ##@...#
########## #oo..#
....## .....# ......#
.......# .######.# ..
..


You could see an orc wizard and an orc.

Vanquished Creatures
  The ghost of mxf the Sneak, a novice SpEn (D:5)
  A phantom (D:5)
  A sky beast (D:5)
  An ogre (D:6)
  A giant frog (D:6)
  The ghost of mxf the Sneak, an amateur SpEn (D:3)
  3 wights (D:6)
  A crimson imp (D:5)
  A quasit (D:5)
  A centaur zombie (D:5)
  A hound (D:5)
  4 orc priests
  8 orc wizards
  A giant frog skeleton (D:5)
  Jessica (D:2)
  5 worker ants
  13 adders
  3 gnolls (D:3)
  3 oozes
  An adder skeleton (D:6)
  2 worms
  3 dart slugs
  6 giant geckos
  9 orcs
  6 bats
  6 giant cockroaches
  5 goblins
  11 hobgoblins
  2 jackals (D:2)
  5 kobolds
  2 quokkas (D:3)
  A ball python (D:1)
  A ball python zombie (D:5)
  8 giant newts
  9 rats
128 creatures vanquished.

Notes
Turn   | Place    | Note
--------------------------------------------------------------
     0 | D:1      | Peloso the Minotaur Fighter began the quest for the Orb.
     0 | D:1      | Reached XP level 1. HP: 19/19 MP: 0/0
    21 | D:1      | Found an ancient bone altar of Kikubaaqudgha.
   111 | D:1      | Reached XP level 2. HP: 21/27 MP: 1/1
   465 | D:1      | Reached skill level 4 in Armour
   465 | D:1      | Reached XP level 3. HP: 31/33 MP: 2/2
   751 | D:2      | Reached skill level 1 in Dodging
   751 | D:2      | Reached XP level 4. HP: 40/41 MP: 3/3
   800 | D:2      | Found a basalt altar of Yredelemnul.
   913 | D:2      | Noticed Jessica
   924 | D:2      | Killed Jessica
  1121 | D:3      | Reached XP level 5. HP: 47/47 MP: 4/4
  1203 | D:3      | Noticed mxf's ghost (amateur SpEn)
  1221 | D:3      | Killed mxf's ghost
  1352 | D:3      | Reached skill level 5 in Shields
  1469 | D:3      | Reached XP level 6. HP: 49/55 MP: 5/5
  1471 | D:3      | Reached skill level 5 in Fighting
  1589 | D:3      | Reached skill level 5 in Armour
  1935 | D:4      | Reached XP level 7. HP: 18/61 MP: 6/6
  2629 | D:4      | Found Obloept's Elemental Accessories.
  2797 | D:5      | Entered Level 5 of the Dungeon
  2856 | D:5      | Noticed mxf's ghost (novice SpEn)
  2871 | D:5      | Killed mxf's ghost
  2871 | D:5      | Reached skill level 5 in Long Blades
  2871 | D:5      | Reached skill level 6 in Armour
  2927 | D:5      | Reached XP level 8. HP: 64/70 MP: 7/7
  3495 | D:5      | Reached skill level 5 in Dodging
  3560 | D:6      | Reached skill level 7 in Armour
  3741 | D:6      | Slain by an orc wizard

Skill      XL: |  1  2  3  4  5  6  7  8 |
---------------+-------------------------+-----
Fighting       | 4 5 6 |  6.3
Armour         | 4 5 6 7 |  7.2
Shields        | 4 5 6 |  6.9
Long Blades    | 3 4 5 |  5.9
Dodging        | 1 2 3 4 5 |  5.5
Stealth        | |  0.6

Action                   |  1- 3 |  4- 6 |  7- 9 || total
-------------------------+-------+-------+-------++-------
Melee: Long sword        |    86 |   173 |   140 ||   399
       Headbutt          |    15 |    23 |    33 ||    71
  Use: Potion            |       |     1 |       ||     1
       Scroll            |       |       |     5 ||     5
  Eat: Chunk             |       |     4 |     6 ||    10
Armor: Scale mail        |    39 |    55 |    35 ||   129
       Chain mail        |       |       |    19 ||    19
Dodge: Dodged            |    27 |    67 |    58 ||   152
Block: Shield            |    32 |    85 |    69 ||   186
